 Dungeon Crawl Stone Soup version 0.19.0-19-g8c6edcc (webtiles) character file.

3579 Chiseanne the Covert (level 9, -9/67 HPs)
             Began as a Demonspawn Hunter on Nov 12, 2016.
             Was an Initiate of Gozag.
             Mangled by nht's ghost (12 damage)
             ... on level 9 of the Dungeon.
             The game lasted 00:28:24 (8871 turns).

Chiseanne the Covert (Demonspawn Hunter)            Turns: 8871, Time: 00:28:24

Health: -9/67      AC: 13    Str: 17    XL:     9   Next: 84%
Magic:  9/9        EV: 14    Int: 12    God:    Gozag
Gold:   813        SH: 11    Dex: 17    Spells: 0 memorised, 8 levels left

rFire  + . .     SeeInvis .     a - +5 mace (protect)
rCold  . . .     Gourm    .     F - +2 robe of the Unseen Realm {rPois rCorr Dex+3}
rNeg   . . .     Faith    .     D - +3 shield {AC+3}
rPois  +         Spirit   .     E - +2 helmet
rElec  +         Reflect  .     C - +0 cloak "Affyul" {+Blink rElec Str+4 Dex-3}
rCorr  +         Harm     .     (no gloves)
MR     .....                    A - +0 pair of boots
Stlth  +++++.....               h - amulet of regeneration
                                e - +3 ring of slaying
                                q - ring of resist corrosion

@: no status effects
A: talons 1, fire resistance 1, nightstalker 1, shaggy fur 1, sturdy frame 1
a: Potion Petition, Call Merchant, Bribe Branch, Renounce Religion, Evoke Blink


You were on level 9 of the Dungeon.
You worshipped Gozag.
Gozag was pleased with you.
You were not hungry.

You visited 2 branches of the dungeon, and saw 10 of its levels.

You collected 1259 gold pieces.
You spent 405 gold pieces at shops.
You paid 41 gold pieces to Gozag.

Inventory:

Hand Weapons
 a - a +5 mace of protection (weapon)
 s - a +0 trident of flaming
 w - a +0 hunting sling
Missiles
 c - 9 javelins
 d - 48 bolts
 m - 230 stones
 r - 11 sling bullets
 x - a throwing net
 z - 8 tomahawks (quivered)
Armour
 A - a +0 pair of boots (worn)
 C - the +0 cloak "Affyul" (worn) {+Blink rElec Str+4 Dex-3}
   (You found it on level 5 of the Dungeon)

   It affects your strength (+4).
   It affects your dexterity (-3).
   It insulates you from electricity.
   It lets you blink.
 D - a +3 shield of protection (worn)
 E - a +2 helmet (worn)
 F - the +2 robe of the Unseen Realm (worn) {rPois rCorr Dex+3}
   (You bought it in a shop on level 6 of the Dungeon)

   It affects your dexterity (+3).
   It protects you from poison.
   It protects you from acid and corrosion.
Jewellery
 e - a +3 ring of slaying (right hand)
 h - an amulet of regeneration (around neck)
 q - a ring of resist corrosion (left hand)
Scrolls
 b - a scroll of amnesia
 i - 5 scrolls of remove curse
 k - 4 scrolls of fog
 l - a scroll of blinking
 u - 2 scrolls of teleportation
 y - 3 scrolls of identify
Potions
 j - 3 potions of ambrosia
 o - a potion of magic {unknown}
 v - 2 potions of cancellation
 H - a potion of brilliance
Books
 n - a book of Misfortune

   Spells                             Type                      Level
   a - Confusing Touch                Hexes                        1
   b - Confuse                        Hexes                        3
   c - Gell's Gravitas                Hexes/Translocation          3
   d - Petrify                        Transmutation/Earth          4
   e - Metabolic Englaciation         Hexes/Ice                    5
   f - Yara's Violent Unravelling     Hexes/Transmutation          5
 p - a book of Maledictions

   Spells                             Type                      Level
   a - Corona                         Hexes                        1
   b - Ensorcelled Hibernation        Hexes/Ice                    2
   c - Confuse                        Hexes                        3
   d - Tukima's Dance                 Hexes                        3
   e - Dazzling Spray                 Conjuration/Hexes            3
Comestibles
 f - 8 bread rations
 g - 5 meat rations


   Skills:
 * Level 4.9 Fighting
   Level 2.7 Short Blades
 - Level 5.5 Maces & Flails
 - Level 3.6 Throwing
 * Level 7.1 Dodging
 * Level 8.2 Stealth
 * Level 1.5 Shields


You had 8 spell levels left.
You didn't know any spells.

Dungeon Overview and Level Annotations

Branches:
Dungeon (9/15)             Temple (1/1) D:4            Lair (0/6) D:8
    Orc: D:9-12

Altars:
Ashenzari
Cheibriados
Dithmenos
Elyvilon
Fedhas
Gozag
Hepliaklqana
Kikubaaqudgha
Makhleb
Nemelex Xobeh
Okawaru
Qazlal
Ru
Sif Muna
Trog
Uskayaw
Vehumet
Xom
Yredelemnul
Zin
The Shining One

Shops:
D:6 [

Annotations:
D:2 1 runed door
D:7 Menkaure
D:9 nht's ghost, journeyman OgBe


Innate Abilities, Weirdness & Mutations

You have sharp toenails.
Your flesh is heat resistant. (rF+)
You are slightly more attuned to the shadows.
Your movements are slightly less encumbered by armour. (ER -2)
You are covered in fur. (AC +1)


Message History

You now have 813 gold pieces (gained 5).
i - 5 scrolls of remove curse (gained 1)
n - a book of Misfortune You open the door.
There is an open door here.
There is an open door here.
Nht's ghost (journeyman Ogre Berserker) comes into view.
It is wielding a weapon of freezing.
You closely miss nht's ghost. Nht's ghost hits you! Nht's ghost freezes you.
You hit nht's ghost.
Your weapon exudes an aura of protection.
Nht's ghost is lightly damaged.
Nht's ghost hits you! Nht's ghost freezes you.
There is an open door here.
Nht's ghost screams, "Zot is a myth, the ORB is a fable, you'll soon be a tale!"
Nht's ghost hits you!!!
Ouch! That really hurt!
* * * LOW HITPOINT WARNING * * *
Nht's ghost freezes you!
You die...
Your body crumbles into a pile of gold.

#.......#....#......
#....#..+....#......
#....#..#....#......
#....#..#....#......
#.>.....#.##########
#####+#####.##.##..##. .
..#..<............#.. ..
..#...............#..
...###.#.@.............#..
.......#.W......###....#..
.......#..........###..#..
.......'........##..####..
#####'##.........###..####
... #...........###..#.
..... #........###'###.'.
...... #........##.###..#.
...... #.........###..####


You could see nht's ghost.

Vanquished Creatures
  Sigmund (D:4)
  A spriggan (D:8)
  A hungry ghost (D:8)
  An ice beast (D:7)
  An orc warrior (D:8)
  A phantom (D:9)
  Duvessa (D:7)
  A sky beast (D:7)
  2 necrophages
  An eye of draining (D:8)
  2 ogres
  3 centaurs (D:7)
  2 crocodiles (D:8)
  3 bullfrogs
  A big kobold (D:9)
  A gnoll sergeant (D:8)
  Dowan (D:7)
  2 scorpions
  4 killer bees (D:7)
  A water moccasin skeleton (D:4)
  A howler monkey (D:9)
  3 crimson imps
  2 hounds
  3 jellies
  2 orc priests (D:7)
  4 orc wizards
  A centaur skeleton (D:4)
  2 bullfrog skeletons
  4 iguanas
  Terence (D:3)
  Natasha (D:4)
  6 worker ants
  12 gnolls
  6 adders
  2 river rats (D:3)
  A shadow imp (D:6)
  3 adder skeletons
  2 worms
  3 dart slugs
  3 leopard geckos
  13 orcs
  4 ball pythons
  8 bats
  10 giant cockroaches
  7 goblins
  9 hobgoblins
  10 jackals
  3 quokkas
  5 frilled lizards
  A goblin zombie (D:2)
  11 kobolds
  A kobold skeleton (D:2)
  8 rats
  4 fungi (D:8)
187 creatures vanquished.

Vanquished Creatures (others)
  A fungus (D:8)
  A plant (D:8)
2 creatures vanquished.

Grand Total: 189 creatures vanquished

Notes
Turn   | Place    | Note
-------+----------+-------------------------------------------
     0 | D:1      | Chiseanne the Demonspawn Hunter began the quest for the Orb.
     0 | D:1      | Reached XP level 1. HP: 16/16 MP: 1/1
   246 | D:1      | Gained mutation: You are slightly more attuned to the shadows. [demonic ancestry]
   246 | D:1      | Reached XP level 2. HP: 14/23 MP: 2/2
   513 | D:1      | Reached skill level 1 in Stealth
   897 | D:1      | Reached XP level 3. HP: 11/29 MP: 3/3
  1360 | D:2      | Noticed a human
  1430 | D:2      | Reached skill level 1 in Short Blades
  1674 | D:2      | Found a runed door.
  1678 | D:2      | Found a basalt altar of Yredelemnul.
  1930 | D:2      | Reached skill level 2 in Stealth
  2072 | D:3      | Noticed Terence
  2143 | D:3      | Reached XP level 4. HP: 35/35 MP: 4/4
  3506 | D:3      | Found an opulent altar of Gozag.
  3506 | D:3      | Found a deep blue altar of Sif Muna.
  3509 | D:3      | Found a shattered altar of Ashenzari.
  3519 | D:3      | Found a snail-covered altar of Cheibriados.
  3527 | D:3      | Became a worshipper of Gozag Ym Sagoz the Greedy
  3636 | D:3      | Killed Terence
  3636 | D:3      | Reached skill level 3 in Stealth
  3636 | D:3      | Reached XP level 5. HP: 17/41 MP: 5/5
  4210 | D:4      | Noticed Natasha
  4223 | D:4      | Gained mutation: Your movements are slightly less encumbered by armour. (ER -2) [demonic ancestry]
  4223 | D:4      | Reached XP level 6. HP: 24/47 MP: 6/6
  4244 | D:4      | Killed Natasha
  4416 | D:4      | Noticed Sigmund
  4442 | D:4      | Killed Sigmund
  4442 | D:4      | Reached skill level 4 in Stealth
  4649 | D:4      | Reached XP level 7. HP: 44/54 MP: 7/7
  5039 | D:4      | Found a staircase to the Ecumenical Temple.
  5144 | Temple   | Entered the Ecumenical Temple
  5316 | D:5      | Entered Level 5 of the Dungeon
  5383 | D:5      | Reached skill level 1 in Maces & Flails
  5489 | D:5      | Reached skill level 5 in Stealth
  5781 | D:5      | Got an ichor-stained cloak
  5782 | D:5      | Identified the cursed +0 cloak "Affyul" {+Blink rElec Str+4 Dex-3} (You found it on level 5 of the Dungeon)
  6011 | D:6      | Found Ziez's Armour Shop.
  6021 | D:6      | Bought the +2 robe of the Unseen Realm {rPois rCorr Dex+3} for 405 gold pieces
  6183 | D:6      | Gained mutation: You are covered in fur. (AC +1) [potion of beneficial mutation]
  6663 | D:7      | Noticed Menkaure
  6708 | D:7      | Gained mutation: You have sharp toenails. [demonic ancestry]
  6708 | D:7      | Reached XP level 8. HP: 30/60 MP: 8/8
  7000 | D:7      | Reached skill level 5 in Dodging
  7007 | D:7      | Reached skill level 6 in Stealth
  7110 | D:7      | Noticed Duvessa
  7115 | D:7      | Noticed Dowan
  7125 | D:7      | Killed Duvessa
  7136 | D:7      | Killed Dowan
  7195 | D:7      | Gained mutation: Your flesh is heat resistant. (rF+) [demonic ancestry]
  7195 | D:7      | Reached XP level 9. HP: 65/65 MP: 9/9
  7311 | D:7      | Reached skill level 7 in Stealth
  7577 | D:8      | Reached skill level 5 in Maces & Flails
  7683 | D:8      | Found a staircase to the Lair.
  7871 | D:8      | Found a white marble altar of Elyvilon.
  8272 | D:8      | Reached skill level 8 in Stealth
  8561 | D:8      | Reached skill level 1 in Shields
  8865 | D:9      | Noticed nht's ghost (journeyman OgBe)
  8871 | D:9      | HP: 3/67 [nht's ghost (37)]
  8871 | D:9      | Mangled by nht's ghost

Skill      XL: |  1  2  3  4  5  6  7  8  9 |
---------------+----------------------------+-----
Fighting       | 3 4 |  4.9
Stealth        | 1 2 3 4 5 6 8 |  8.2
Short Blades   | 1 2 |  2.7
Dodging        | 2 3 4 5 7 |  7.1
Maces & Flails | 2 4 5 |  5.5
Shields        | 1 |  1.5
Throwing       | |  3.6

Action                   |  1- 3 |  4- 6 |  7- 9 || total
-------------------------+-------+-------+-------++-------
Melee: Short sword       |   177 |   101 |    18 ||   296
       Mace              |       |    57 |   477 ||   534
       Kick              |       |       |    81 ||    81
 Fire: Hunting sling     |     5 |    30 |       ||    35
       Shortbow          |       |       |    20 ||    20
Throw: Throwing net      |       |     2 |     1 ||     3
       Javelin           |       |       |     5 ||     5
       Tomahawk          |       |       |     1 ||     1
Invok: Potion Petition   |       |     1 |       ||     1
  Use: Potion            |     1 |     3 |     3 ||     7
       Scroll            |     7 |     5 |    15 ||    27
 Stab: Sleeping          |     3 |     8 |    21 ||    32
       Held in net/web   |       |     1 |       ||     1
       Distracted        |       |       |     1 ||     1
  Eat: Chunk             |    15 |     7 |       ||    22
       Beef jerky        |       |       |     3 ||     3
       Pizza             |       |       |     2 ||     2
       Royal jelly       |       |       |     1 ||     1
       Fruit             |       |       |     7 ||     7
       Bread ration      |       |       |     1 ||     1
Armor: Leather armour    |    61 |    45 |    47 ||   153
       Skin              |       |    20 |       ||    20
       Robe              |       |       |   136 ||   136
Dodge: Dodged            |   146 |    99 |   500 ||   745
Block: Shield            |       |       |    28 ||    28
